 Dungeon Crawl Stone Soup version 0.29-a0-384-g6960b1960d (webtiles) character file.

Game seed: 15428013911462386039

3612 sammy202020 the Fighter (level 9, -8/112 HPs)
             Began as a Demonspawn Berserker on May 7, 2022.
             Was a Priest of Trog.
             Killed from afar by an electric eel (10 damage)
             ... with a bolt of electricity
             ... on level 8 of the Dungeon.
             The game lasted 00:12:51 (8420 turns).

sammy202020 the Fighter (Demonspawn Berserker)      Turns: 8420, Time: 00:12:52

Health: -8/112     AC: 13    Str: 19    XL:     9   Next: 86%
Magic:  9/9        EV: 11    Int: 11    God:    Trog [***...]
Gold:   554        SH: 15    Dex: 13    Spells: 8/8 levels left

rFire   + . .      SeeInvis .   a - +1 hand axe (elec)
rCold   + . .      Faith    .   s - +2 kite shield
rNeg    . . .      Spirit   .   y - +1 swamp dragon scales
rPois   +          Reflect  .   (no helmet)
rElec   .          Harm     .   (cloak unavailable)
rCorr   .          Rampage  .   w - +2 pair of gloves
Will    .....                   (no boots)
Stlth   ..........              f - amulet of the acrobat
HPRegen 0.28/turn               p - ring of protection from cold
MPRegen 0.11/turn               t - ring of protection from fire

@: berserking, very quick
A: sharp scales 1, condensation shield, weakness stinger 3
a: Renounce Religion, Berserk, Trog's Hand


You were on level 8 of the Dungeon.
You worshipped Trog.
Trog was most pleased with you.
You visited 1 branch of the dungeon, and saw 8 of its levels.
You also visited: Sewer.

You collected 554 gold pieces.

Inventory:

Hand Weapons
 a - a +1 hand axe of electrocution (weapon)
 A - the +6 mace of the Scavenger {venom, rF+ rC+ Will- Dex+2}
   (You found it on level 6 of the Dungeon)

   It poisons the flesh of those it strikes.
   Dex:       It affects your dexterity (+2).
   rF:        It protects you from fire.
   rC:        It protects you from cold.
   Will:      It decreases your willpower.
 B - a +5 dire flail
Missiles
 q - 5 boomerangs (quivered)
Armour
 e - a +1 chain mail
 s - a +2 kite shield (worn)
 w - a +2 pair of gloves (worn)
 y - +1 swamp dragon scales (worn)
Jewellery
 f - an amulet of the acrobat (around neck)
 p - a ring of protection from cold (left hand)
 t - a ring of protection from fire (right hand)
 x - a +4 ring of protection
 D - an amulet of guardian spirit
Wands
 u - a wand of flame (16)
 v - a wand of acid (4)
 z - a wand of polymorph (5)
Scrolls
 i - 3 scrolls of teleportation
 k - 2 scrolls of fog
 C - 2 scrolls of identify
Potions
 b - 4 potions of curing
 c - 3 potions of haste
 d - 2 potions of brilliance
 g - a potion of cancellation
 h - a potion of flight
 j - a potion of attraction {unknown}
 l - a potion of invisibility
 m - 3 potions of degeneration {unknown}
 n - 2 potions of mutation {unknown}
 o - a potion of magic {unknown}
 r - 2 potions of berserk rage
 E - a potion of ambrosia {unknown}


   Skills:
 * Level 8.4 Fighting
 * Level 7.6 Axes
 + Level 5.3 Armour
 + Level 5.3 Dodging
 + Level 3.7 Shields


You had 8 spell levels left.
You didn't know any spells.
Your spell library was empty.

Dungeon Overview and Level Annotations

Branches:
Dungeon (8/15)             Temple (0/1) D:5           Sewer (visited)
   Lair: D:8-11

Altars:
Fedhas
Nemelex Xobeh
Zin

Shops:
D:1 :


Innate Abilities, Weirdness & Mutations

You are partially covered in razor-sharp scales. (AC +1, Slay +1)
A meltable shield of frost defends you. (SH +4)
You have a sharp stinger which inflicts weakening toxins.


Message History

The electric eel shoots out a bolt of lightning at you!
The bolt of electricity hits you! x2
The bolt of electricity hits the electric eel.
The electric eel completely resists.
Unknown command.
You barely miss the electric eel.
The electric eel shoots out a bolt of lightning at you!
The bolt of electricity hits you!
* * * LOW HITPOINT WARNING * * *
The bolt of electricity hits you!
* * * LOW HITPOINT WARNING * * *
The bolt of electricity hits the electric eel.
The electric eel completely resists.
A red film seems to cover your vision as you go berserk!
You feel yourself moving faster!
You feel mighty!
You can no longer call in reinforcements.
An orc wizard comes into view. It is wielding a +0 dagger.
You barely miss the electric eel.
The orc wizard shouts!
The electric eel shoots out a bolt of lightning at you!
The bolt of electricity hits you!
* * * LOW HITPOINT WARNING * * *
The bolt of electricity misses you.
The bolt of electricity hits the electric eel.
The electric eel completely resists.
You miss the electric eel.
Unknown command.
You slash the electric eel!
The electric eel is heavily wounded.
The orc wizard gestures wildly while chanting.
The orc wizard flickers and vanishes!
Deactivating autopickup; reactivate with Ctrl-A.
You hit the electric eel.
The electric eel is almost dead.
An orc priest comes into view. It is wielding a +0 club.
The electric eel shoots out a bolt of lightning at you!
The bolt of electricity hits you!
* * * LOW HITPOINT WARNING * * *
The bolt of electricity hits you!
You die...

.##.## ...
.#.....## ...
...≈≈≈..##..
≈≈≈≈#≈...#.#
≈#≈≈≈≈....<
≈≈≈#≈≈≈.#.#
#≈≈≈≈#≈.#.#
#≈≈≈≈@.<#
≈≈≈≈#≈S≈..#
≈#≈≈≈≈#≈..#
≈≈≈#≈≈≈≈..#
#≈≈≈≈......
≈≈./..#.....
o{..#........
.#...##....$?.


You could see an electric eel and an orc priest (wandering).

Vanquished Creatures
  Pikel (D:5)
  Maggie (D:6)
  A steam dragon (D:6)
  Menkaure (D:5)
  Edmund (D:6)
  4 water moccasins
  A black bear (D:4)
  A sky beast (D:6)
  4 ice beasts
  A lemure (D:5)
  4 kobold brigands (Sewer)
  A bullfrog (D:7)
  3 scorpions
  5 wights (D:7)
  A howler monkey (D:7)
  A hound (D:4)
  6 jellies
  An orc priest (D:7)
  Crazy Yiuf (D:6)
  A gnoll shaman (D:7)
  4 iguanas
  3 orc wizards
  Natasha (thrice) (D:2)
  5 gnolls (D:7)
  8 adders
  A river rat (Sewer)
  A white imp (D:4)
  3 worms (Sewer)
  9 orcs
  6 ball pythons
  14 endoplasms
  5 giant cockroaches
  9 goblins
  5 hobgoblins
  2 jackals (D:1)
  7 kobolds
  5 quokkas
  A frilled lizard (D:3)
  7 rats
138 creatures vanquished.

Notes
Turn   | Place    | Note
-------+----------+-------------------------------------------
     0 | D:1      | sammy202020 the Demonspawn Berserker began the quest for
                  | the Orb.
     0 | D:1      | Reached XP level 1. HP: 18/18 MP: 1/1
    30 | D:1      | Found Ynoelatz's Book Emporium.
   574 | D:1      | Gained mutation: You have a small tail. [demonic ancestry]
   574 | D:1      | Reached XP level 2. HP: 24/24 MP: 2/2
   832 | D:1      | Found a faded altar of an unknown god.
  1353 | D:2      | Noticed Natasha
  1359 | D:2      | Killed Natasha
  1360 | D:2      | Gained mutation: You are partially covered in razor-sharp
                  | scales. (AC +1, Slay +1) [demonic ancestry]
  1360 | D:2      | Reached XP level 3. HP: 18/29 MP: 3/3
  1458 | D:2      | Noticed Natasha
  1467 | D:2      | Killed Natasha
  1467 | D:2      | Reached ** piety under Trog
  1468 | D:2      | Gained mutation: You have a tail ending in a sharp stinger.
                  | [demonic ancestry]
  1468 | D:2      | Reached XP level 4. HP: 32/37 MP: 4/4
  1565 | D:2      | Noticed a scorpion
  1572 | D:2      | Killed a scorpion
  1572 | D:2      | Noticed Natasha
  1573 | D:2      | Reached skill level 4 in Fighting
  1580 | D:2      | Killed Natasha
  1581 | D:2      | Gained mutation: A meltable shield of frost defends you.
                  | (SH +4) [demonic ancestry]
  1581 | D:2      | Reached XP level 5. HP: 9/42 MP: 5/5
  2570 | D:4      | Found a blossoming altar of Fedhas.
  2601 | D:4      | Found a glowing drain.
  2615 | Sewer    | Entered a sewer
  2850 | Sewer    | Reached XP level 6. HP: 23/49 MP: 6/6
  4038 | Sewer    | Reached skill level 5 in Fighting
  4087 | Sewer    | Reached XP level 7. HP: 47/56 MP: 7/7
  4761 | D:4      | Reached *** piety under Trog
  4941 | D:4      | Reached skill level 5 in Axes
  5137 | D:5      | Entered Level 5 of the Dungeon
  5141 | D:5      | Found a staircase to the Ecumenical Temple.
  5177 | D:5      | Noticed Pikel
  5212 | D:5      | Killed Pikel
  5213 | D:5      | Reached skill level 6 in Fighting
  5213 | D:5      | Reached skill level 1 in Shields
  5213 | D:5      | Reached XP level 8. HP: 40/65 MP: 8/8
  5546 | D:5      | Found a sparkling altar of Nemelex Xobeh.
  5566 | D:5      | Noticed Menkaure
  5573 | D:5      | Killed Menkaure
  6135 | D:5      | Reached skill level 7 in Fighting
  6329 | D:6      | Noticed Maggie
  6370 | D:6      | Killed Maggie
  6371 | D:6      | Gained mutation: You have a sharp stinger which inflicts
                  | weakening toxins. [demonic ancestry]
  6371 | D:6      | Reached XP level 9. HP: 14/72 MP: 9/9
  6809 | D:6      | Noticed Edmund
  6819 | D:6      | Killed Edmund
  6914 | D:6      | Found a runed translucent door.
  6915 | D:6      | Noticed Crazy Yiuf
  7064 | D:6      | Killed Crazy Yiuf
  7069 | D:6      | Identified the +6 mace of the Scavenger {venom, rF+ rC+
                  | Will- Dex+2}
  7533 | D:6      | Reached skill level 5 in Armour
  7757 | D:7      | Reached skill level 5 in Dodging
  7780 | D:7      | Reached skill level 8 in Fighting
  8152 | D:7      | Reached **** piety under Trog
  8420 | D:8      | HP: 2/112 [electric eel/bolt of electricity (9)]
  8420 | D:8      | Killed from afar by an electric eel

Illustrated notes

Levels and vault maps discovered:
D:1:      dpeg_arrival_refuge, layout_basic, serial_glass, glass_columns_a,
          glass_columns_b, glass_columns_b, glass_columns_a, glass_columns_a,
          glass_columns_a, serial_shops, nicolae_shop_waterfront,
          shapermc_ecumenical_altar_pompeii, chequers_serial_rivers_large_a,
          nicolae_concentric_dashed_squares_mild, minivault_25,
          minmay_heptomino_d4
D:2:      layout_basic, uniq_natasha
D:3:      layout_basic
D:4:      layout_loops_corners, mainiacjoe_overflow_paths,
          mainiacjoe_overflow_concentric_impassable, portal_sewer_entry_f
D:5:      layout_loops_ring, nemelex_spade_bored_becter,
          minmay_temple_entry_statues_pillars, minivault_4,
          chequers_serial_rivers_micro_b, uniq_menkaure, uniq_pikel
D:6:      layout_loops_corners, uniq_maggie, uniq_crazy_yiuf_cottage,
          uniq_edmund
D:7:      layout_basic, corexii_leaking_fountain
D:8:      layout_loops_ring, hangedman_decor_diamond_cutter,
          nicolae_lava_and_water

Skill      XL: |  1  2  3  4  5  6  7  8  9 |
---------------+----------------------------+-----
Axes           | 3 4 5 6 7 |  7.6
Dodging        | 2 3 4 5 |  5.3
Armour         | 2 3 4 5 |  5.3
Fighting       | 4 5 6 7 8 |  8.4
Shields        | 1 2 3 |  3.7

Action                   |  1- 3 |  4- 6 |  7- 9 || total
-------------------------+-------+-------+-------++-------
Melee: Hand axe          |    65 |   202 |   273 ||   540
       Tailslap          |     4 |    16 |    54 ||    74
       Punch             |     1 |     2 |       ||     3
Invok: Berserk           |       |       |     2 ||     2
       Trog's Hand       |       |       |     1 ||     1
  Use: Scroll            |     7 |     6 |     4 ||    17
       Potion            |       |       |     3 ||     3
Armor: Chain mail        |    32 |    75 |    72 ||   179
       Swamp dragon scal |       |       |    19 ||    19
Dodge: Dodged            |    28 |    63 |    76 ||   167
Block: Other             |       |    32 |    12 ||    44
       Kite shield       |       |       |   129 ||   129

Table legend: (Time is in decaauts)
 A = Elapsed time spent in this place.
 B = Non-inter-level travel time spent in this place.
 C = Inter-level travel time spent in this place.
 D = Time resting spent in this place.
 E = Time spent auto-exploring this place.
 F = Levels seen in this place.
 G = Mean time per level.
                   A        B        C        D        E       F      G
               +--------+--------+--------+--------+--------+-----+--------+
         Total |   8663 |   8603 |     60 |    716 |   6371 |   9 |  962.6 |
       Dungeon |   6906 |   6846 |     60 |    189 |   5465 |   8 |  863.2 |
         Sewer |   1756 |   1756 |      0 |    527 |    906 |   1 | 1756.0 |
               +--------+--------+--------+--------+--------+-----+--------+

Top non-repeatable levels by time:
   Sewer: 1756 daAuts
     D:6: 1377 daAuts
     D:2: 1244 daAuts
     D:5: 1206 daAuts
     D:4: 1035 daAuts
     D:1: 1006 daAuts
     D:7: 710 daAuts
     D:3: 317 daAuts
     D:8: 9 daAuts
